 Dungeon Crawl Stone Soup version 0.22-a0-423-g4197694 (webtiles) character file.

194 emperorscorpion the Covered (level 5, -2/70 HPs)
             Began as a Minotaur Fighter on May 23, 2018.
             Splashed by a jelly's acid (4 damage)
             ... on level 5 of the Dungeon.
             The game lasted 00:03:03 (1681 turns).

emperorscorpion the Covered (Minotaur Fighter)      Turns: 1681, Time: 00:03:03

Health: -2/70      AC: 22    Str: 19    XL:     5   Next: 44%
Magic:  4/4        EV:  2    Int: 10    God:
Gold:   17         SH:  9    Dex:  9    Spells: 4/4 levels left

rFire    . . .     SeeInvis .   a - +0 war axe
rCold    . . .     Gourm    .   c - +0 shield
rNeg     + + +     Faith    .   (armour currently unavailable)
rPois    +         Spirit   .   (helmet currently unavailable)
rElec    .         Reflect  .   (cloak currently unavailable)
rCorr    .         Harm     .   (gloves currently unavailable)
MR       .....     NoTele   +   (boots currently unavailable)
Stlth    +.........             (no amulet)
HPRegen  0.21/turn              u - -3 ring of strength (curse)
MPRegen  0.09/turn              (no ring)

@: brilliant, tree-form, hasted, very quick
A: (retaliatory headbutt)
a: no special abilities


You were on level 5 of the Dungeon.
You were not hungry.
You were a tree.
You visited 1 branch of the dungeon, and saw 5 of its levels.

You collected 127 gold pieces.
You spent 110 gold pieces at shops.

Inventory:

Hand Weapons
 a - a +0 war axe (weapon)
 p - a +0 spear
 s - a +1 antimagic whip
Missiles
 e - 17 bolts
 i - 7 tomahawks (quivered)
 k - 132 stones
 m - 18 sling bullets
Armour
 b - a +0 scale mail
 c - a +0 shield (worn)
 t - the cursed +1 leather armour "Vaopnixan" (melded) {rN+ Int+7 Dex-4}
   (You found it on level 4 of the Dungeon)

   It affects your intelligence (+7).
   It affects your dexterity (-4).
   It protects you from negative energy.
   It has a curse placed upon it.
Jewellery
 u - a cursed -3 ring of strength (left branch)
Scrolls
 g - a scroll of blinking
 h - a scroll of fog
Potions
 l - a potion of curing
 r - 2 potions of lignification
Comestibles
 f - 3 rations
 q - 3 chunks of flesh


   Skills:
 + Level 4.4 Fighting
 + Level 4.7 Axes
 + Level 4.7 Armour
 + Level 1.2 Dodging
 + Level 4.4 Shields


You had 4 spell levels left.
You didn't know any spells.
Your spell library was empty.

Dungeon Overview and Level Annotations

Branches:
Dungeon (5/15)
 Temple: D:4-7

Altars:

Shops:
D:4 !

Annotations:
D:3 Veiltonx's ghost, amateur DsNe
D:5 Ratty's ghost, novice DrTm


Innate Abilities, Weirdness & Mutations

((You reflexively headbutt those who attack you in melee.))
((You have a pair of horns on your head.))


Message History

You block Ratty's ghost's attack.
You hit Ratty's ghost.
Ratty's ghost is moderately damaged.
Ratty's ghost hits you but does no damage.
You are electrocuted!
* * * LOW HITPOINT WARNING * * *
It was a potion of lignification.
You turn into a tree.
The cursed +1 leather armour "Vaopnixan" {rN+ Int+7 Dex-4} melds into your body.
Your roots penetrate the ground.
You block the jelly's attack. You block Ratty's ghost's attack.
You closely miss Ratty's ghost.
Ratty's ghost is moderately damaged.
You barely miss the jelly. You block the jelly's attack.
Ratty's ghost hits you but does no damage.
You are electrocuted!
* * * LOW HITPOINT WARNING * * *
You closely miss Ratty's ghost.
Ratty's ghost is moderately damaged.
You hit the jelly.
Your branches burn!
You die...

.............####
.................
#...............
#..........#....
###..............
................?
......WJ...##....
#.♣.!.......
#..††..##...
#......#....
#....#.#...
#....#...##.
##.........$
##.........
+....[...##
#..<.....#


You could see a jelly and Ratty's ghost.

Vanquished Creatures
  A worker ant (D:4)
  3 orc wizards
  2 adders (D:5)
  An ooze (D:2)
  2 worms (D:2)
  A leopard gecko (D:3)
  6 orcs
  6 bats
  5 giant cockroaches
  4 goblins
  4 hobgoblins
  8 jackals (D:1)
  A kobold (D:1)
  2 quokkas (D:4)
  2 frilled lizards
  A quokka skeleton (D:2)
  4 rats
53 creatures vanquished.

Notes
Turn   | Place    | Note
-------+----------+-------------------------------------------
     0 | D:1      | emperorscorpion the Minotaur Fighter began the quest for the Orb.
     0 | D:1      | Reached XP level 1. HP: 19/19 MP: 0/0
   205 | D:1      | Reached XP level 2. HP: 27/27 MP: 1/1
   508 | D:2      | Reached XP level 3. HP: 33/33 MP: 2/2
   934 | D:3      | Noticed Veiltonx's ghost (amateur DsNe)
   990 | D:3      | Reached XP level 4. HP: 40/40 MP: 3/3
  1226 | D:4      | Reached XP level 5. HP: 44/46 MP: 4/4
  1421 | D:4      | Got a faintly humming leather armour
  1460 | D:4      | Identified the cursed +1 leather armour "Vaopnixan" {rN+ Int+7 Dex-4} (You found it on level 4 of the Dungeon)
  1466 | D:4      | Found Bicaif's Distillery.
  1497 | D:4      | Bought a potion of haste for 110 gold pieces
  1516 | D:5      | Entered Level 5 of the Dungeon
  1582 | D:5      | Reached skill level 1 in Dodging
  1665 | D:5      | Noticed Ratty's ghost (novice DrTm)
  1680 | D:5      | HP: 2/70 [Ratty's ghost (9)]
  1681 | D:5      | Splashed by a jelly's acid

Vault maps used:
D:1:      saegor_arrival_under_anarchy
D:2:      chequers_ecumenical_altar_simple_redux, uniq_terence, uniq_robin
D:4:      serial_shops, shop
D:5:      first_ration

Skill      XL: |  1  2  3  4  5 |
---------------+----------------+-----
Armour         | 4 |  4.7
Fighting       | 4 |  4.4
Axes           | 3 4 |  4.7
Shields        | 4 |  4.4
Dodging        | 1 |  1.2

Action                   |  1- 3 |  4- 6 || total
-------------------------+-------+-------++-------
Melee: War axe           |    80 |    55 ||   135
       Headbutt          |    15 |     3 ||    18
  Use: Potion            |       |     6 ||     6
       Scroll            |       |     4 ||     4
  Eat: Chunk             |       |     3 ||     3
Armor: Scale mail        |    42 |    14 ||    56
       Leather armour    |       |     4 ||     4
       Skin              |       |     1 ||     1
Dodge: Dodged            |    25 |    12 ||    37
Block: Shield            |    43 |    27 ||    70

Table legend:
 A = Spawn XP
 B = Non-spawn XP
 C = Spawn XP percentage of total XP
 D = Spawn monster count
 E = Non-spawn monster count
 F = Spawn count percentage of total count
 G = Total turns spent on level
                    A         B        C        D         E        F      G
               +---------+---------+-------+---------+---------+-------+---------
         Total |       0 |     278 |   0.0 |       0 |      53 |   0.0 |  1681
               +---------+---------+-------+---------+---------+-------+---------
           D:1 |       0 |      31 |   0.0 |       0 |      17 |   0.0 |   431
           D:2 |       0 |      26 |   0.0 |       0 |      10 |   0.0 |   392
           D:3 |       0 |      65 |   0.0 |       0 |      15 |   0.0 |   406
           D:4 |       0 |     130 |   0.0 |       0 |       9 |   0.0 |   344
           D:5 |       0 |      26 |   0.0 |       0 |       2 |   0.0 |   108
               +---------+---------+-------+---------+---------+-------+---------
